Map: Lost and Found LE

Players

LiquidSnute (Snute)

  • Race: Zerg Zerg
  • League: Grandmaster
  • Spawn Location: 7:00

liquidthermy (uThermal) - Winner!

  • Race: Protoss Protoss
  • League: Grandmaster
  • Spawn Location: 1:00

Event: HomeStory Cup XVII

VOD

Have the link to the VOD?

Description

Time

  • Played on: June 29, 2018, 1:34 p.m.
  • Length: 6:18

All games in this series

Show
View Real Time Build Order
Export as new Build Order

LiquidSnute Zerg 

Build Orders: Hatch First 

Get SALT Encoding   

  12  0:00  Drone  
  13  0:12  Overlord  
  13  0:17  Drone  
  14  0:30  Drone x2  
  14  0:34  Drone  
  17  0:51  Hatchery  
  17  0:54  Drone  
  17  0:57  Drone  
  18  1:11  Spawning Pool  
  17  1:20  Drone x2  
  17  1:22  Extractor  
  18  1:28  Drone  
  19  1:38  Drone  
  21  1:55  Hatchery  
  21  1:56  Drone  
  21  2:00  Roach Warren, Queen  
  22  2:06  Overlord  
  22  2:16  Spore Crawler, Zergling x2  
  23  2:36  Queen  
  25  2:40  Roach x2  
  25  2:42  Overlord  
  29  3:03  Roach  
  29  3:04  Ravager  
  32  3:07  Queen  
  32  3:09  Roach  
  32  3:10  Roach  
  38  3:13  Extractor  
  38  3:18  Roach  
  39  3:21  Drone x2  
  39  3:22  Drone  
  42  3:28  Overlord  
  42  3:38  Ravager  
  42  3:40  Zergling x2  
  44  3:43  Overlord  
  44  3:51  Zergling x6  
  44  3:54  Ravager  
  48  3:56  Zergling x2  
  48  4:01  Zergling x2  
  48  4:02  Zergling x2  
  51  4:09  Ravager  
  52  4:11  Zergling x4  
  52  4:15  Zergling x2  
  55  4:22  Zergling x4  
  55  4:36  Zergling x2  
  55  4:37  Zergling x6  
  51  4:41  Zergling x2  
  51  4:42  Zergling x2  
  44  4:49  Zergling x4  
  36  4:54  Roach  
  38  5:05  Roach x2  
  39  5:10  Roach  
  41  5:15  Ravager  
  41  5:19  Roach  
  44  5:27  Ravager  
  44  5:28  Ravager  
  45  5:31  Zergling x2  
  45  5:32  Zergling x4  
  41  5:44  Zergling x2  
  41  5:46  Ravager x2  
  46  5:55  Zergling x2  
Show
View Real Time Build Order
Export as new Build Order

liquidthermy Protoss - Winner!

Build Orders:  

Get SALT Encoding   

  12  0:01  Probe  
  13  0:13  Probe  
  14  0:17  Pylon  
  14  0:23  Probe  
  15  0:31  Probe  
  16  0:37  Forge  
  16  0:40  Probe  
  17  0:59  Pylon  
  17  1:10  Pylon  
  17  1:11  Pylon  
  17  1:17  Photon Cannon  
  17  1:24  Probe  
  18  1:26  Assimilator  
  18  1:34  Gateway  
  18  1:37  Probe  
  19  1:46  Photon Cannon  
  19  1:49  Probe  
  20  1:56  Assimilator  
  20  2:00  Assimilator  
  20  2:02  Probe  
  21  2:14  Probe, Zealot  
  22  2:20  Cybernetics Core  
  22  2:26  Probe  
  25  2:38  Probe  
  25  2:40  Photon Cannon  
  26  2:51  Stalker  
  26  2:57  Robotics Facility  
  28  3:08  Shield Battery  
  28  3:14  Stalker  
  28  3:22  Shield Battery  
  30  3:32  Shield Battery  
  30  3:42  Photon Cannon  
  30  3:48  Immortal  
  30  3:59  Sentry  
  36  4:10  Shield Battery  
  36  4:19  Photon Cannon  
  36  4:25  Warp Prism  
  38  4:42  Stalker  
  37  4:53  Immortal  
  37  4:57  Pylon  
  41  5:12  Stalker  
  43  5:34  Immortal  
  47  5:48  Stalker  
Tags
 
Add a new tag
Caveats
  • Supply blocks, unpowered buildings, or Contaminate may cause inaccurate times.
  • Supply counts are checked every 10 seconds.